 Dungeon Crawl Stone Soup version 0.21.0-24-g2553a33 (webtiles) character file.

2 Monsterracer the Ruffian (level 1, -1/12 HPs)
             Began as a Gargoyle Transmuter on Jan 19, 2018.
             Slain by a hobgoblin
             ... wielding a +0 club
              (3 damage)
             ... on level 1 of the Dungeon.
             The game lasted 00:00:24 (83 turns).

Monsterracer the Ruffian (Gargoyle Transmuter)        Turns: 83, Time: 00:00:25

Health: -1/12      AC:  4    Str: 13    XL:     1   Next: 30%
Magic:  2/3        EV: 12    Int: 13    God:
Gold:   14         SH:  0    Dex: 10    Spells: 3/4 levels left

rFire    . . .     SeeInvis .     - Unarmed
rCold    . . .     Gourm    .   (no shield)
rNeg     + . .     Faith    .   b - +0 robe
rPois    ∞         Spirit   .   (no helmet)
rElec    +         Reflect  .   (no cloak)
rCorr    .         Harm     .   (no gloves)
MR       .....                  (boots currently unavailable)
Stlth    +.........             (no amulet)
HPRegen  0.04/turn              (no ring)
MPRegen  0.08/turn              (no ring)

@: appendage
A: talons 3, negative energy resistance 1, electricity resistance, unbreathing,
petrification resistance, rot immunity, AC +2
a: End Transformation


You were on level 1 of the Dungeon.
You were not hungry.
You had grown temporary talons.
You visited 1 branch of the dungeon, and saw 1 of its levels.

You collected 14 gold pieces.

Inventory:

Missiles
 a - 12 arrows
Armour
 b - a +0 robe (worn)
 f - a +0 cloak
Scrolls
 e - a scroll of enchant armour {unknown}
Books
 d - a book of Changes

   Spells                             Type                      Level
   a - Beastly Appendage              Transmutation                1
   b - Sticks to Snakes               Transmutation                2
   c - Spider Form                    Transmutation/Poison         3
   d - Ice Form                       Ice/Transmutation            4
   e - Blade Hands                    Transmutation                5
Comestibles
 c - 2 rations


   Skills:
 + Level 1.4 Fighting
 - Level 1.5 Dodging
 - Level 3.0 Unarmed Combat
 - Level 2.0 Spellcasting
 - Level 1.5 Transmutations


You had 3 spell levels left.
You knew the following spells:

 Your Spells              Type           Power        Failure   Level  Hunger
a - Beastly Appendage     Tmut           #.....       14%         1    ##.....


Dungeon Overview and Level Annotations

Branches:
Dungeon (1/15)

Altars:


Innate Abilities, Weirdness & Mutations

You are resistant to torment.
Your stone body is resilient. (AC +2)
You are immune to poison.
You resist negative energy. (rN+)
You are resistant to electric shocks. (rElec)
You can survive without breathing.
You are immune to petrification.
You are immune to rotting.
You have claws for feet.


Message History

Found a scroll labeled XUSMOH YPUXARU and 14 gold pieces.
Found a staircase leading out of the dungeon.
No target in view!
No target in view!
You now have 6 gold pieces.
e - a scroll labeled XUSMOH YPUXARU
c - 2 rations (gained 1)
A goblin comes into view.
A goblin is nearby!
You hit the goblin but do no damage. You hit the goblin.
You kill the goblin!
No target in view!
No target in view!
You now have 14 gold pieces (gained 8).
You open the door.
Found a cloak.
A hobgoblin comes into view. It is wielding a club.
The hobgoblin shouts!
The hobgoblin moves out of view.
There is an open door here.
A kobold comes into view. It is wielding a club.
The kobold shouts!
A bat comes into view.
The bat hits you but does no damage. The bat hits you but does no damage.
The hobgoblin hits you with a club.
You see here a cloak.
You take 3 damage, and have 9/12 hp.
MASSIVE DAMAGE!!
f - a cloak The bat hits you but does no damage.
The hobgoblin closely misses you. The kobold barely misses you.
Casting: Beastly Appendage
Confirm with . or Enter, or press ? or * to list all spells.
You grow a pair of large bovine horns.
The hobgoblin hits you but does no damage.
The kobold hits you with a club. The bat hits you but does no damage.
You take 2 damage, and have 7/12 hp.
You now have 2/3 mp.
You closely miss the bat. The bat barely misses you.
The hobgoblin barely misses you. The kobold hits you but does no damage.
Your transformation is almost over.
The bat hits you.
* * * LOW HITPOINT WARNING * * *
The bat barely misses you. The hobgoblin hits you with a club.
* * * LOW HITPOINT WARNING * * *
The kobold hits you but does no damage.
You take 3 damage, and have 4/12 hp.
MASSIVE DAMAGE!!
The bat hits you but does no damage. The hobgoblin closely misses you.
The bat hits you but does no damage. The bat closely misses you.
The bat hits you but does no damage. The bat barely misses you.
The bat hits you.
* * * LOW HITPOINT WARNING * * *
There is an open door here.
You take 1 damage, and have 3/12 hp.
The bat closely misses you. The bat hits you but does no damage.
The bat closely misses you. The bat barely misses you.
The bat hits you but does no damage. The bat misses you.
Your horns disappear.
The bat barely misses you. MP restored: 3 The bat misses you.
The bat closely misses you.
You miss the bat. The bat hits you but does no damage.
The bat barely misses you.
Casting: Beastly Appendage
Confirm with . or Enter, or press ? or * to list all spells.
You grow a pair of large bovine horns.
The bat hits you but does no damage.
You now have 2/3 mp.
You miss the bat. The bat closely misses you. x2
You hit the bat but do no damage. The bat hits you but does no damage.
The bat misses you. The bat hits you.
* * * LOW HITPOINT WARNING * * *
You take 1 damage, and have 2/12 hp.
You closely miss the bat. The bat barely misses you.
You closely miss the bat. Your headbutt misses the bat.
The bat hits you but does no damage. x2
You closely miss the bat. Your headbutt misses the bat.
The bat hits you but does no damage. x2
You closely miss the bat.
Your transformation is almost over.
The bat closely misses you.
You closely miss the bat. Your headbutt misses the bat.
The bat barely misses you. The bat hits you but does no damage.
You closely miss the bat. The bat hits you but does no damage.
Unknown command.
You closely miss the bat. The bat hits you but does no damage.
The bat hits you.
* * * LOW HITPOINT WARNING * * *
The bat barely misses you.
You take 1 damage, and have 1/12 hp.
You barely miss the bat. The bat barely misses you.
You hit the bat.
You kill the bat!
MP restored: 3 Your horns disappear.
Casting: Beastly Appendage
Confirm with . or Enter, or press ? or * to list all spells.
Your feet morph into talons.
The hobgoblin hits you with a club.
You die...

############ #.#
.#.#.#.#.#.#. ..#
............. #.#
....#......... #.#
......#....... #.##
...#....#......#..
..........#...##.#
..#.#.#.#...#..#@####
..............##g...+
.#..#.<.#..#...#K####
..............##.#
#...#.#.#.#....#.#
..#...........##.#
....#....#.....#.#
......#.......##.#
........#......#.#
...


You could see a hobgoblin and a kobold.

Vanquished Creatures
  A goblin (D:1)
  A bat (D:1)
2 creatures vanquished.

Notes
Turn   | Place    | Note
-------+----------+-------------------------------------------
     0 | D:1      | Monsterracer the Gargoyle Transmuter began the quest for the Orb.
     0 | D:1      | Reached XP level 1. HP: 12/12 MP: 3/3
    52 | D:1      | HP: 6/12 [bat (1)]
    57 | D:1      | HP: 3/12 [bat (1)]
    67 | D:1      | HP: 2/12 [bat (1)]
    74 | D:1      | HP: 1/12 [bat (1)]
    83 | D:1      | Slain by a hobgoblin

Action                   || total
-------------------------++-------
Melee: Unarmed           ||    15
 Cast: Beastly Appendage ||     3
Armor: Robe              ||    22
Dodge: Dodged            ||    24

Vault maps used:
D:1:      co_arrival_square_in_a_square_in_a_square, lemuel_another_geyser
